 Dungeon Crawl Stone Soup version 0.25.1-2-g60ff931df9 (webtiles) character file.

Game seed: 13755214271026501724

483 DearestLeader the Destroyer (level 6, -14/32 HPs)
             Began as a Deep Elf Conjurer on Sept 12, 2020.
             Killed from afar by Pikel (23 damage)
             ... with an iceblast
             ... on level 4 of the Dungeon.
             The game lasted 00:11:24 (3993 turns).

DearestLeader the Destroyer (Deep Elf Conjurer)     Turns: 3993, Time: 00:11:25

Health: -14/32     AC:  5    Str:  5    XL:     6   Next: 87%
Magic:  14/14      EV: 14    Int: 22    God:
Gold:   172        SH:  0    Dex: 15    Spells: 3/13 levels left

rFire    . . .     SeeInvis .   n - +0 whip
rCold    . . .     Gourm    .   (no shield)
rNeg     . . .     Faith    .   a - +0 robe
rPois    .         Spirit   .   m - +1 helmet
rElec    .         Reflect  .   (no cloak)
rCorr    .         Harm     .   (no gloves)
MR       .....                  l - +0 pair of boots
Stlth    ++........             (no amulet)
HPRegen  0.10/turn              (no ring)
MPRegen  0.14/turn              (no ring)

@: no status effects
A: no striking features
a: no special abilities


You were on level 4 of the Dungeon.
You were not hungry.

You visited 1 branch of the dungeon, and saw 4 of its levels.
You also visited: Sewer.

You collected 172 gold pieces.

Inventory:

Hand Weapons
 n - a +0 whip (weapon)
Armour
 a - a +0 robe (worn)
 l - a +0 pair of boots (worn)
 m - a +1 helmet (worn)
Scrolls
 d - 2 scrolls of remove curse {unknown}
 h - 2 scrolls of immolation
 i - 3 scrolls of teleportation
 j - a scroll of magic mapping {unknown}
 k - a scroll of random uselessness {unknown}
Potions
 b - a potion of stabbing
 e - 4 potions of flight
 f - a potion of lignification {unknown}
 g - a potion of brilliance {unknown}
 o - 3 potions of curing
 q - a potion of cancellation {unknown}
Comestibles
 c - 10 rations


   Skills:
 + Level 3.5 Dodging
 - Level 2.4 Stealth
 - Level 4.1 Spellcasting
 * Level 8.4 Conjurations


You had 3 spell levels left.
You knew the following spells:

 Your Spells              Type           Power        Failure   Level  Hunger
a - Magic Dart            Conj           ####         1%          1    None
b - Searing Ray           Conj           #####.       1%          2    #......
c - Dazzling Flash        Conj/Hex       ###...       6%          3    ##.....
d - Iskenderun's Mystic   Conj/Tloc      ###.....     19%         4    ####...

Your spell library contained the following spells:

 Spells                   Type           Power        Failure   Level  Hunger
 Fulminant Prism          Conj/Hex       ###.......   19%         4    ####...


Dungeon Overview and Level Annotations

Branches:
Dungeon (4/15)              Sewer (visited)
 Temple: D:4-7

Altars:
Fedhas
Gozag
Qazlal
Uskayaw
Yredelemnul
Zin

Annotations:
D:4 Pikel


Message History

A worm comes into view.
Pikel zaps a wand.
The mass of ice explodes!
The iceblast engulfs you!!
Ouch! That really hurt!
The slave shouts!
You hear a shout!
You climb upwards.
There is a stone staircase leading down here.
You start resting.
Some of the chunks of flesh in your inventory have rotted away.
All of the chunks of flesh in your inventory have rotted away.
Magic restored.
There is a stone staircase leading down here.
You climb downwards.
Level annotation: Pikel Pikel zaps a wand.
The mass of ice explodes!
The iceblast engulfs you!
Ouch! That really hurt!
* * * LOW HITPOINT WARNING * * *
There is a stone staircase leading up here.
Pikel zaps a wand.
The mass of ice explodes!
The iceblast engulfs you!!
Ouch! That really hurt!
You die...

.## ..# ..##
#..# ...# #..
#.# #@#
#.....K..
##.............
#..............
#......[.....pw
#.......)...p.
####
#.....p..s#p#
#+..o##
##.....p.#..#
#..8o<#
#.....[K...#


You could see Pikel and 2 slaves.

Vanquished Creatures
  Sigmund (D:3)
  A big kobold (Sewer)
  An orc priest (D:4)
  Robin (D:2)
  8 gnolls (D:2)
  2 adders (D:2)
  3 river rats
  2 leopard geckos
  4 orcs (D:4)
  4 ball pythons
  6 giant cockroaches
  6 hobgoblins
  6 jackals
  11 kobolds
  5 bats
  5 frilled lizards (D:2)
  17 goblins
  11 rats
94 creatures vanquished.

Notes
Turn   | Place    | Note
-------+----------+-------------------------------------------
     0 | D:1      | DearestLeader the Deep Elf Conjurer began the quest for the
                  | Orb.
     0 | D:1      | Reached XP level 1. HP: 10/10 MP: 6/6
   676 | D:2      | Reached XP level 2. HP: 15/15 MP: 6/8
   760 | D:2      | Reached skill level 5 in Conjurations
   922 | D:2      | Learned a level 2 spell: Searing Ray
   933 | D:2      | Reached XP level 3. HP: 19/19 MP: 3/9
   948 | D:2      | Learned a level 3 spell: Dazzling Flash
  1128 | D:2      | Reached skill level 6 in Conjurations
  1342 | D:2      | Reached XP level 4. HP: 23/24 MP: 6/10
  1481 | D:2      | Noticed Robin
  1739 | D:2      | Killed Robin
  2218 | D:2      | Reached XP level 5. HP: 28/28 MP: 5/11
  2225 | D:2      | Reached skill level 7 in Conjurations
  2538 | D:2      | Found an opulent altar of Gozag.
  2541 | D:2      | Found a hide-covered altar of Uskayaw.
  2544 | D:2      | Found a stormy altar of Qazlal.
  2682 | D:2      | Found a blossoming altar of Fedhas.
  2715 | D:2      | Found a basalt altar of Yredelemnul.
  2715 | D:2      | Found a glowing silver altar of Zin.
  2892 | D:3      | Found a glowing drain.
  2916 | Sewer    | Entered a sewer
  3074 | Sewer    | Reached XP level 6. HP: 16/32 MP: 2/14
  3280 | Sewer    | Found a white marble altar of Elyvilon.
  3333 | D:3      | Noticed Sigmund
  3336 | D:3      | Learned a level 4 spell: Iskenderun's Mystic Blast
  3341 | D:3      | Killed Sigmund
  3341 | D:3      | Reached skill level 8 in Conjurations
  3852 | D:4      | Noticed a slave
  3852 | D:4      | Noticed Pikel
  3854 | D:4      | Noticed a slave
  3855 | D:4      | Noticed a slave
  3859 | D:4      | Noticed a slave
  3993 | D:4      | Killed from afar by Pikel

Illustrated notes

Levels and vault maps discovered:
D:1:      roderic_crossed_star, layout_loops_ring
D:2:      layout_loops_ring, gammafunk_temple_overflow_wave,
          grunt_temple_overflow_diamond, first_ration, fedhas_altar_2,
          uniq_robin
D:3:      layout_basic, cheibrodos_sewer_entry_sluice, minmay_misc_feat_alley,
          uniq_sigmund
D:4:      layout_rooms, serial_shops, nicolae_shop_behind_doors,
          grunt_ministairs_4, uniq_pikel, uniq_blork_the_orc

Skill      XL: |  1  2  3  4  5  6 |
---------------+-------------------+-----
Conjurations   | 5 6 7 8 |  8.4
Spellcasting   | 4 |  4.1
Dodging        | 3 |  3.5
Stealth        | |  2.4

Action                   |  1- 3 |  4- 6 || total
-------------------------+-------+-------++-------
Melee: Dagger            |       |     8 ||     8
       Whip              |       |    13 ||    13
 Cast: Magic Dart        |    47 |   100 ||   147
       Searing Ray       |     3 |    12 ||    15
  Use: Scroll            |       |     5 ||     5
  Eat: Chunk             |     1 |     5 ||     6
       Ration            |       |     1 ||     1
Armor: Robe              |       |     8 ||     8
Dodge: Dodged            |     2 |    29 ||    31
